AoeStats
← Omega

Arena

510074897Analyzed
3v3 RM · 3d ago on Sep 29, 2026· 40m 29s· 6 players
Game mode
Random Map
Map size
Normal (6 player)
Population
200
Speed
Normal
Resources
Standard
Victory
Conquest
Starting age
Dark Age
Ending age
Imperial Age
RankedLock teamsTeams togetherTeam positionsShared explorationLock speedFull tech treeHidden civsTurbo modeCheats
Victory
Defeat
🇮🇹 Cumans · Italy
1165
+14
🇮🇹 Magyars · Italy
1079
+18
🇮🇹 Danes · Italy
1006
+20
🇨🇳 Mapuche · China
1189
-20
🇯🇵 Chinese · Japan
1181
-20
🇺🇸 Byzantines · United States
982
-12
Angrboda1651
10:46 Feudal Age
14:32 Castle Age
12:35 Double-Bit Axe
14:05 Horse Collar
15:35 Bow Saw
18:41 Loom
21:22 Heavy Plow
22:29 Wheelbarrow
22:40 Gold Mining
24:23 Gold Shaft Mining
26:40 Fletching
27:13 Town Watch
28:16 Hand Cart
29:13 Stone Mining
32:39 Imperial Age
31:35 Padded Archer Armor
32:46 Bodkin Arrow
33:06 Leather Archer Armor
33:51 Ballistics
34:32 Chemistry
34:46 Bracer
35:04 Thumb Ring
36:12 Husbandry
36:23 Bloodlines
36:20 Scale Barding Armor
35:48 Light Cavalry
38:30 Hussar
41:24 Ring Archer Armor
41:22 Parthian Tactics
Omega
9:12 Feudal Age
9:44 Double-Bit Axe
10:12 Horse Collar
20:20 Castle Age
19:20 Bloodlines
19:23 Forging
19:20 Scale Barding Armor
24:25 Iron Casting
25:49 Chain Barding Armor
25:36 Heavy Plow
27:53 Bow Saw
28:35 Fletching
28:48 Stone Mining
28:49 Gold Mining
32:27 Wheelbarrow
36:31 Imperial Age
34:19 Hand Cart
35:12 Fletching
35:44 Ballistics
36:06 Bodkin Arrow
36:12 Padded Archer Armor
36:26 Steppe Husbandry
36:38 Loom
36:39 Town Watch
38:20 Blast Furnace
37:56 Plate Barding Armor
37:45 Conscription
37:53 Elite Steppe Lancer
39:21 Gold Shaft Mining
39:49 Guilds
Ottone il Grande
11:08 Feudal Age
15:53 Castle Age
13:46 Horse Collar
13:54 Double-Bit Axe
14:44 Gold Mining
14:44 Loom
29:52 Imperial Age
28:48 Scale Mail Armor
28:58 Forging
28:43 Fletching
31:19 Conscription
32:48 Chain Mail Armor
33:08 Iron Casting
32:53 Bodkin Arrow
34:13 Wheelbarrow
33:24 Town Watch
35:52 Plate Mail Armor
35:13 Arson
35:28 Squires
35:14 Gambesons
37:22 Blast Furnace
36:23 Padded Archer Armor
37:09 Capped Ram
40:25 Elite Varangian Guard
miltzillaa
12:06 Feudal Age
14:15 Loom
17:16 Castle Age
15:32 Double-Bit Axe
15:50 Horse Collar
17:22 Forging
18:22 Gambesons
18:45 Scale Mail Armor
20:39 Squires
23:13 Bow Saw
26:05 Wheelbarrow
25:40 Heavy Plow
28:24 Iron Casting
27:54 Arson
28:39 Pikeman
29:45 Chain Mail Armor
35:04 Imperial Age
35:09 Scale Barding Armor
36:11 Logistica
35:29 Halberdier
35:39 Elite Varangian Guard
37:05 Plate Mail Armor
KJI
0:27 Loom
10:31 Feudal Age
14:54 Castle Age
13:12 Double-Bit Axe
16:21 Bow Saw
16:10 Horse Collar
19:07 Stone Mining
22:18 Bow Saw
22:12 Heavy Plow
25:20 Wheelbarrow
24:39 Gold Mining
29:46 Imperial Age
28:26 Gold Shaft Mining
28:20 Fletching
29:35 Scale Mail Armor
29:45 Forging
29:32 Bodkin Arrow
31:09 Chain Mail Armor
30:49 Pikeman
36:24 Conscription
37:32 Two-Man Saw
肥肥猫
10:56 Feudal Age
14:33 Castle Age
12:27 Double-Bit Axe
12:57 Horse Collar
13:25 Champi Runner
15:38 Bow Saw
17:06 Champi Warrior
19:20 Scale Mail Armor
22:02 Forging
23:31 Chain Mail Armor
26:16 Pikeman
31:41 Heavy Plow
35:53 Imperial Age
33:14 Loom
35:11 Iron Casting
34:28 Gold Mining
34:29 Stone Mining
35:54 Wheelbarrow
36:13 Fletching
36:23 Padded Archer Armor
37:04 Gold Shaft Mining
36:11 Elite Bolas Rider
37:22 Bodkin Arrow
39:39 Leather Archer Armor
40:45 Ballistics
Connection lost

Rejoining the realm…

Still unreachable

The connection could not be restored.

Session expired

The server has moved on; the page needs a fresh start.